 Dungeon Crawl Stone Soup version 0.31-a0-4-gefa6de2278 (webtiles) character file.

Game seed: 10674019321298695989

1384 retardedninja the Firebug (level 8, -7/59 HPs)
             Began as a Gnoll Fire Elementalist on May 4, 2023.
             Was a Follower of Cheibriados.
             Mangled by a two-headed ogre
             ... wielding a +0 giant spiked club
              (28 damage)
             ... on level 6 of the Dungeon.
             The game lasted 00:10:57 (8377 turns).

retardedninja the Firebug (Gnoll Fire Elementalist) Turns: 8377, Time: 00:10:57

Health: -7/59      AC:  3    Str:  9    XL:     8   Next: 67%
Magic:  7/17       EV: 16    Int: 18    God:    Cheibriados [*.....]
Gold:   272        SH:  0    Dex: 22    Spells: 9/19 levels left

rFire   . . .        v - +0 spear
rCold   . . .        (no shield)
rNeg    . . .        a - +0 robe
rPois   .            E - +0 helmet
rElec   .            (no cloak)
rCorr   .            (no gloves)
SInv    .            (no boots)
Will    .....        (no amulet)
Stlth   +++          l - +6 ring of dexterity
HPRegen 0.29/turn    (no ring)
MPRegen 0.15/turn

%: no passive effects
@: very slow
A: fangs 1, strong nose, distributed training
a: Renounce Religion, Bend Time


You were on level 6 of the Dungeon.
You worshipped Cheibriados.
Cheibriados was aware of your devotion.
You visited 2 branches of the dungeon, and saw 7 of its levels.
You also visited: Sewer.

You collected 272 gold pieces.

Inventory:

Hand Weapons
 v - a +0 spear (weapon)
Missiles
 w - 2 throwing nets
Armour
 a - a +0 robe (worn)
 E - a +0 helmet (worn)
Jewellery
 l - a +6 ring of dexterity (left hand)
 C - a ring of protection from fire
Wands
 B - a wand of flame (9)
Scrolls
 c - a scroll of butterflies {unknown}
 d - a scroll of silence {unknown}
 g - a scroll of brand weapon {unknown}
 j - 4 scrolls of identify {unknown}
 k - a scroll of teleportation {unknown}
 m - a scroll of torment {unknown}
 o - 2 scrolls of amnesia {unknown}
 p - 2 scrolls of magic mapping {unknown}
 q - 4 scrolls of fog {unknown}
 t - a scroll of immolation {unknown}
 x - a scroll of enchant armour {unknown}
 y - a scroll of enchant weapon {unknown}
Potions
 b - a potion of magic
 e - 3 potions of curing {unknown}
 f - 2 potions of attraction {unknown}
 h - 2 potions of mutation {unknown}
 i - a potion of brilliance {unknown}
 n - 3 potions of resistance {unknown}
 r - a potion of flight {unknown}
 u - 3 potions of haste {unknown}
 z - 4 potions of cancellation {unknown}
 A - 2 potions of lignification {unknown}
 D - a potion of heal wounds {unknown}


   Skills:
 + Level 3.6 Fighting
 + Level 3.6 Short Blades
 + Level 3.6 Long Blades
 + Level 3.6 Axes
 + Level 3.6 Maces & Flails
 + Level 3.6 Polearms
 + Level 3.6 Staves
 + Level 3.6 Ranged Weapons
 + Level 3.6 Throwing
 + Level 3.6 Armour
 + Level 5.9 Dodging
 + Level 5.6 Stealth
 + Level 3.6 Shields
 + Level 3.6 Unarmed Combat
 + Level 6.2 Spellcasting
 + Level 3.7 Conjurations
 + Level 3.0 Hexes
 + Level 3.0 Summonings
 + Level 3.0 Necromancy
 + Level 3.0 Translocations
 + Level 3.0 Transmutations
 + Level 6.2 Fire Magic
 + Level 3.0 Ice Magic
 + Level 3.0 Air Magic
 + Level 3.0 Earth Magic
 + Level 3.0 Poison Magic
 + Level 4.0 Invocations
 + Level 3.6 Evocations


You had 9 spell levels left.
You knew the following spells:

 Your Spells              Type           Power      Damage    Failure   Level
a - Foxfire               Conj/Fire      92%        2x1d8     1%          1
b - Scorch                Fire           56%        2d7       1%          2
c - Flame Wave            Conj/Fire      23%        2d8       16%         4
d - Inner Flame           Hex/Fire       22%        N/A       5%          3

Your spell library contained the following spells:

 Spells                   Type           Power      Damage    Failure   Level
 Momentum Strike          Conj/Tloc      34%        3d8       4%          2
 Blink                    Tloc           32%        N/A       5%          2
 Lesser Beckoning         Tloc           32%        N/A       5%          2
 Volatile Blastmotes      Fire/Tloc      44%        2d13      5%          3
 Ignite Poison            Fire/Tmut/Pois 20%        N/A       7%          3
 Vhi's Electric Charge    Tloc/Air       32%        N/A       11%         3
 Sticky Flame             Conj/Fire      23%        2d4       16%         4
 Arcjolt                  Conj/Air       8%         1d18      63%         5
 Summon Cactus Giant      Summ           8%         N/A       99%         6
 Ignition                 Fire           14%        3d6       100%        8
 Maxwell's Capacitive Co  Air            8%         ∞         100%        8


Dungeon Overview and Level Annotations

Branches:
Dungeon (6/15)             Temple (1/1) D:5           Sewer (visited)

Altars:
Cheibriados
Dithmenos
Elyvilon
Fedhas
Gozag
Hepliaklqana
Kikubaaqudgha
Nemelex Xobeh
Okawaru
Qazlal
Ru
Sif Muna
Uskayaw
Wu Jian
Yredelemnul
Zin
The Shining One

Shops:
D:3 *

Annotations:
D:6 1 runed translucent door


Innate Abilities, Weirdness & Mutations

You have very sharp teeth.
Your uncanny sense of smell can sniff out nearby items.
Your experience applies equally to all skills.


Message History

Key pressed, stopping explore.
There is an open door here.
Key pressed, stopping explore.
You open the door.
A two-headed ogre comes into view.
It is wielding a +0 giant spiked club and a +0 dire flail.
There is an open door here.
A two-headed ogre is nearby!
A two-headed ogre is nearby!
Casting: Foxfire (safe; 1% risk of failure)
Confirm with . or Enter, or press ? or * to list all spells.
Flames lash the two-headed ogre.
The two-headed ogre shouts in stereo!
The two-headed ogre is lightly wounded.
The two-headed ogre's fire resistance burns away.
Unknown command.
Casting: Scorch (safe; 1% risk of failure)
Confirm with . or Enter, or press ? or * to list all spells.
Flames lash the two-headed ogre.
The two-headed ogre is burned terribly!
The two-headed ogre is heavily wounded.
The two-headed ogre barely misses you.
The two-headed ogre hits you with a +0 dire flail!
Unknown command.
Casting: Scorch (safe; 1% risk of failure)
Confirm with . or Enter, or press ? or * to list all spells.
Flames lash the two-headed ogre.
The two-headed ogre is burned terribly!
The two-headed ogre is severely wounded.
The two-headed ogre hits you with a +0 giant spiked club!!
The two-headed ogre completely misses you.
Unknown command.
Casting: Scorch (safe; 1% risk of failure)
Confirm with . or Enter, or press ? or * to list all spells.
Flames lash the two-headed ogre.
The two-headed ogre is burned terribly!
The two-headed ogre is severely wounded.
Unknown command.
Casting: Scorch (safe; 1% risk of failure)
Confirm with . or Enter, or press ? or * to list all spells.
Flames lash the two-headed ogre.
The two-headed ogre is burned terribly!
The two-headed ogre is almost dead.
The two-headed ogre hits you with a +0 giant spiked club!!
You die... #..############........# .S...#......................# ...8.#..................##### .....###................'...# ....# #................#...# W..8# ##'##....#########...# ooo#

####..#....#...#. #..##
#+####..#..+....#...#..##..#
.'......#..#....@...#......#
##......####.<..#O..#....<.#
................#...#......#
..######........#####..##..#
..#....#........... ### #..#
.................... ∆ ...#
..####.._..####..♣♣♣ ....
................... #....
###....#....####... ##...+


You could see a two-headed ogre (combustible).

Vanquished Creatures
  A sky beast (D:6)
  A black bear (D:5)
  An ogre (D:4)
  A phantom (D:5)
  3 kobold brigands (Sewer)
  2 scorpions (D:5)
  4 jellies (D:6)
  2 hounds
  6 iguanas
  A sleepcap (D:6)
  10 adders
  7 gnolls
  6 river rats
  2 white imps (D:6)
  An ufetubus (D:3)
  6 worms
  2 dart slugs
  3 orcs
  9 endoplasms
  7 giant cockroaches
  3 goblins
  7 hobgoblins
  4 jackals
  10 kobolds
  8 quokkas
  12 ball pythons
  3 bats
  5 frilled lizards
  4 rats
131 creatures vanquished.

Vanquished Creatures (others)
  561 foxfires
561 creatures vanquished.

Grand Total: 692 creatures vanquished

Notes
Turn   | Place    | Note
-------+----------+-------------------------------------------
     0 | D:1      | retardedninja the Gnoll Fire Elementalist began the quest
                  | for the Orb.
     0 | D:1      | Reached XP level 1. HP: 13/13 MP: 6/6
   229 | D:1      | Reached XP level 2. HP: 19/19 MP: 2/7
  1232 | D:2      | Reached skill level 5 in Spellcasting
  1232 | D:2      | Reached XP level 3. HP: 25/25 MP: 4/9
  1442 | D:2      | Reached skill level 1 in Invocations
  2199 | D:3      | Reached skill level 1 in Fighting
  2199 | D:3      | Reached skill level 1 in Short Blades
  2199 | D:3      | Reached skill level 1 in Long Blades
  2199 | D:3      | Reached skill level 1 in Axes
  2199 | D:3      | Reached skill level 1 in Maces & Flails
  2199 | D:3      | Reached skill level 1 in Polearms
  2199 | D:3      | Reached skill level 1 in Staves
  2199 | D:3      | Reached skill level 1 in Ranged Weapons
  2199 | D:3      | Reached skill level 1 in Throwing
  2199 | D:3      | Reached skill level 1 in Armour
  2199 | D:3      | Reached skill level 1 in Shields
  2199 | D:3      | Reached skill level 1 in Unarmed Combat
  2199 | D:3      | Reached skill level 1 in Evocations
  2479 | D:3      | Found Gozag's Platinum Reserve.
  2480 | D:3      | Found an opulent altar of Gozag.
  2506 | D:3      | Learned a level 2 spell: Scorch
  2507 | D:3      | Reached XP level 4. HP: 32/32 MP: 8/11
  2615 | D:3      | Reached skill level 1 in Hexes
  2615 | D:3      | Reached skill level 1 in Summonings
  2615 | D:3      | Reached skill level 1 in Necromancy
  2615 | D:3      | Reached skill level 1 in Translocations
  2615 | D:3      | Reached skill level 1 in Transmutations
  2615 | D:3      | Reached skill level 1 in Ice Magic
  2615 | D:3      | Reached skill level 1 in Air Magic
  2615 | D:3      | Reached skill level 1 in Earth Magic
  2615 | D:3      | Reached skill level 1 in Poison Magic
  2640 | D:3      | Found a glowing drain.
  2644 | Sewer    | Entered a sewer
  2786 | Sewer    | Noticed a kobold brigand
  2796 | Sewer    | Killed a kobold brigand
  2797 | Sewer    | Reached XP level 5. HP: 37/37 MP: 5/12
  3117 | Sewer    | Noticed a kobold brigand
  3124 | Sewer    | Killed a kobold brigand
  3125 | Sewer    | Reached skill level 5 in Dodging
  3125 | Sewer    | Reached XP level 6. HP: 44/44 MP: 11/14
  4128 | D:3      | Found a shimmering blue altar of Sif Muna.
  4411 | D:3      | Reached XP level 7. HP: 8/50 MP: 1/15
  5017 | D:3      | Learned a level 4 spell: Flame Wave
  5021 | D:3      | Learned a level 3 spell: Inner Flame
  5119 | D:4      | Found a glowing silver altar of Zin.
  5190 | D:4      | Reached skill level 5 in Stealth
  5190 | D:4      | Found an ancient bone altar of Kikubaaqudgha.
  6032 | D:5      | Entered Level 5 of the Dungeon
  6229 | D:5      | Found a staircase to the Ecumenical Temple.
  6240 | Temple   | Entered the Ecumenical Temple
  6255 | Temple   | Became a worshipper of Cheibriados the Contemplative
  6515 | D:5      | Reached XP level 8. HP: 38/58 MP: 10/16
  7010 | D:5      | Found a glowing golden altar of the Shining One.
  7667 | D:6      | Found a stormy altar of Qazlal.
  8189 | D:6      | Reached * piety under Cheibriados
  8343 | D:6      | Found a runed translucent door.
  8372 | D:6      | Noticed a two-headed ogre
  8377 | D:6      | Mangled by a two-headed ogre

Illustrated notes

Levels and vault maps discovered:
D:1:      dpeg_arrival_pond, layout_basic
D:2:      layout_loops_cross
D:3:      layout_rooms, mainiacjoe_overflow_surrounded_room,
          nicolae_gozag_zags_fifth_avenue, gup_sewer_entry_spiral,
          minmay_fractal_squares_diagonal_5
D:4:      layout_basic, lemuel_round_altar, zin_academy
D:5:      layout_loops_corners, lemuel_doored_altar,
          minmay_temple_entry_junction_2, grunt_ministairs_13
D:6:      layout_gridville, mainiacjoe_overflow_boulevard,
          lightli_church_of_beogh
Temple:   nicolae_temple_ecumenical_triangle

Skill      XL: |  1  2  3  4  5  6  7  8 |
---------------+-------------------------+-----
Conjurations   | 2 3 |  3.7
Spellcasting   | 5 6 |  6.2
Invocations    | 1 2 3 4 |  4.0
Fighting       | 1 2 3 |  3.6
Short Blades   | 1 2 3 |  3.6
Long Blades    | 1 2 3 |  3.6
Axes           | 1 2 3 |  3.6
Maces & Flails | 1 2 3 |  3.6
Polearms       | 1 2 3 |  3.6
Staves         | 1 2 3 |  3.6
Ranged Weapons | 1 2 3 |  3.6
Throwing       | 1 2 3 |  3.6
Armour         | 1 2 3 |  3.6
Shields        | 1 2 3 |  3.6
Unarmed Combat | 1 2 3 |  3.6
Evocations     | 1 2 3 |  3.6
Hexes          | 1 2 3 |  3.0
Summonings     | 1 2 3 |  3.0
Necromancy     | 1 2 3 |  3.0
Translocations | 1 2 3 |  3.0
Transmutations | 1 2 3 |  3.0
Ice Magic      | 1 2 3 |  3.0
Air Magic      | 1 2 3 |  3.0
Earth Magic    | 1 2 3 |  3.0
Poison Magic   | 1 2 3 |  3.0
Dodging        | 5 |  5.9
Stealth        | 5 |  5.6
Fire Magic     | 6 |  6.2

Action                     |  1- 3 |  4- 6 |  7- 9 || total
---------------------------+-------+-------+-------++-------
  Melee: Unarmed           |     2 |     2 |       ||     4
         Spear             |       |       |     7 ||     7
         Bite              |       |       |     1 ||     1
   Cast: Foxfire           |   107 |    96 |   166 ||   369
         Scorch            |     1 |    25 |    24 ||    50
    Use: Potion            |       |       |     1 ||     1
 Armour: Robe              |     5 |     1 |    12 ||    18
  Dodge: Dodged            |    16 |    28 |    91 ||   135

Table legend: (Time is in decaauts)
 A = Elapsed time spent in this place.
 B = Non-inter-level travel time spent in this place.
 C = Inter-level travel time spent in this place.
 D = Time resting spent in this place.
 E = Time spent auto-exploring this place.
 F = Levels seen in this place.
 G = Mean time per level.
                   A        B        C        D        E       F      G
               +--------+--------+--------+--------+--------+-----+--------+
         Total |   8898 |   8671 |    227 |    670 |   6716 |   8 | 1112.2 |
       Dungeon |   7490 |   7274 |    216 |    578 |   5666 |   6 | 1248.3 |
        Temple |     58 |     47 |     11 |      0 |     31 |   1 |   58.0 |
         Sewer |   1350 |   1350 |      0 |     91 |   1018 |   1 | 1350.0 |
               +--------+--------+--------+--------+--------+-----+--------+

Top non-repeatable levels by time:
     D:3: 1749 daAuts
     D:5: 1411 daAuts
   Sewer: 1350 daAuts
     D:1: 1205 daAuts
     D:6: 1197 daAuts
     D:4: 1038 daAuts
     D:2: 887 daAuts
  Temple: 58 daAuts
